 Dungeon Crawl Stone Soup version 0.31-a0-840-g6d2ecbb638 (webtiles) character file.

Game seed: 17708682656591816784

231 Nedwor the Cutter (level 5, 41/41 HPs)
             Began as a Demonspawn Gladiator on Sept 27, 2023.
             Quit the game in the Ecumenical Temple.
             The game lasted 00:04:25 (5275 turns).

Nedwor the Cutter (Demonspawn Gladiator)            Turns: 5275, Time: 00:04:26

Health: 41/41      AC: 14    Str: 16    XL:     5   Next: 73%
Magic:  5/5        EV:  8    Int:  9    God:
Gold:   158        SH:  0    Dex: 15    Spells: 4/4 levels left

rFire   . . .        a - +0 rapier
rCold   . . .        j - orb {*Rage}
rNeg    . . .        n - +0 chain mail
rPois   .            c - +0 helmet
rElec   .            (no cloak)
rCorr   .            i - +2 pair of gloves
SInv    .            (no boots)
Will    .....        (no amulet) Stlth
                     (no ring)
HPRegen 0.26/turn    (no ring)
MPRegen 0.09/turn

%: random rage (20%)
@: no status effects
A: slimy green scales 1
a: no special abilities


You were in the Ecumenical Temple.
You visited 2 branches of the dungeon, and saw 5 of its levels.

You collected 158 gold pieces.

Inventory:

Hand Weapons
 a - a +0 rapier (weapon)
Missiles
 d - 3 throwing nets (quivered)
 e - a javelin
Armour
 c - a +0 helmet (worn)
 i - a +2 pair of gloves (worn)
 j - an orb of wrath (worn)
 n - a +0 chain mail (worn)
Scrolls
 b - a scroll of brand weapon {unknown}
 l - a scroll of revelation
 m - a scroll of poison {unknown}
 p - a scroll of teleportation {unknown}
Potions
 f - 3 potions of curing
 g - a potion of berserk rage {unknown}
 h - a potion of attraction
 k - 2 potions of brilliance
 o - a potion of cancellation {unknown}


   Skills:
 + Level 3.2 Fighting
 * Level 4.2 Short Blades
 - Level 1.7 Throwing
 + Level 2.0 Armour
 + Level 3.5 Dodging


You had 4 spell levels left.
You didn't know any spells.
Your spell library contained the following spells:

 Spells                   Type           Power      Damage    Failure   Level
 Magic Dart               Conj           0%         1d3       99%         1
 Slow                     Hex            0%         N/A       99%         1
 Call Imp                 Summ           0%         N/A       100%        2
 Ensorcelled Hibernation  Hex/Ice        0%         N/A       100%        2
 Jinxbite                 Hex            0%         N/A       100%        2
 Confusing Touch          Hex            0%         N/A       100%        3
 Mephitic Cloud           Conj/Pois/Air  0%         N/A       100%        3
 Sigil of Binding         Hex            0%         N/A       100%        3
 Vampiric Draining        Necr           0%         2d6       100%        3
 Anguish                  Hex/Necr       0%         N/A       100%        4


Dungeon Overview and Level Annotations

Branches:
Dungeon (4/15)             Temple (1/1) D:4

Altars:
Hepliaklqana
Kikubaaqudgha
Makhleb
Nemelex Xobeh
Okawaru
Trog
Wu Jian
Xom
Yredelemnul
Lugonu


Innate Abilities, Weirdness & Mutations

You are partially covered in slimy green scales. (AC +2)


Message History

No target in view!
Calm down first, please.
You start resting.
You feel a strong urge to attack something.
You start resting.
You feel your anger nearly subside.
You are no longer berserk.
You are exhausted.
You feel yourself slow down.
You start resting.
HP restored.
Things that are here:
a +0 dagger; a +0 leather armour; an orc skeleton You see here a +0 hand axe.
You pick up a book of Minor Magic and begin reading...
You add the spells Magic Dart, Call Imp and Mephitic Cloud to your library.
Found a staircase to the Ecumenical Temple.
A goblin comes into view. It is wielding a +0 dagger.
The goblin shouts!
A goblin is nearby!
A goblin is nearby!
There is a staircase to the Ecumenical Temple here.
You climb downwards.
Welcome to the Ecumenical Temple!
Found a staircase back to the Dungeon.
There is a staircase back to the Dungeon here.
Found three altars.
Found a corrupted altar of Lugonu.
You feel yourself speed up.
Found three altars.
You enter the shallow water.
Moving in this stuff is going to be slow.
Found a corrupted altar of Lugonu.
Found a corrupted altar of Lugonu.
Found a white marble altar of Elyvilon.
Found a hazy altar of Hepliaklqana.
You recover from your berserk rage.
Found an iron altar of Okawaru.
You enter the shallow water.
Moving in this stuff is going to be slow.
There is a basalt altar of Yredelemnul here.
There is a corrupted altar of Lugonu here.
Are you sure you want to abandon this character and quit the game? (Confirm with "yes".)

#.....# #_.⌠._#
#....≈# ##≈_.##
#...# #####
#########~..###._.##
#P.......~....#....#
#§........~..._.⌠._#
#P§......@.........#
##########..####_.##
#.~.# #### ##._.##
#.~...# #_.⌠._#
#.....# ##~_~##
#####


There were no monsters in sight!

Vanquished Creatures
  Menkaure (D:4)
  A sleepcap (D:4)
  2 adders (D:2)
  A worm (D:3)
  2 dart slugs
  4 orcs (D:4)
  15 ball pythons
  7 bats
  6 endoplasms
  A giant cockroach (D:2)
  3 goblins
  3 hobgoblins
  4 frilled lizards
  2 kobolds (D:2)
  11 rats
63 creatures vanquished.

Notes
Turn   | Place    | Note
-------+----------+-------------------------------------------
     0 | D:1      | Nedwor the Demonspawn Gladiator began the quest for the
                  | Orb.
     0 | D:1      | Reached XP level 1. HP: 16/16 MP: 1/1
   228 | D:1      | Gained mutation: You are partially covered in slimy green
                  | scales. (AC +2) [demonic ancestry]
   228 | D:1      | Reached XP level 2. HP: 22/22 MP: 2/2
   247 | D:1      | Reached skill level 3 in Short Blades
  1188 | D:1      | Found a faded altar of an unknown god.
  1596 | D:2      | Reached XP level 3. HP: 27/28 MP: 3/3
  1651 | D:2      | Reached skill level 1 in Armour
  4005 | D:3      | Found a sparkling altar of Nemelex Xobeh.
  4373 | D:3      | Reached XP level 4. HP: 34/34 MP: 4/4
  4735 | D:3      | Noticed a moth of wrath
  4738 | D:3      | Found a bloodstained altar of Trog.
  4903 | D:4      | Found a shimmering altar of Xom.
  4944 | D:4      | Noticed Menkaure
  4957 | D:4      | Killed Menkaure
  4958 | D:4      | Reached skill level 4 in Short Blades
  4958 | D:4      | Reached XP level 5. HP: 41/41 MP: 5/5
  5221 | D:4      | Found a staircase to the Ecumenical Temple.
  5229 | Temple   | Entered the Ecumenical Temple
  5275 | Temple   | Quit the game

Illustrated notes

Levels and vault maps discovered:
D:1:      dpeg_arrival_rhombus, layout_basic, nicolae_ecumenical_lake_church
D:2:      layout_basic, minmay_misc_feat_room
D:3:      layout_loops_ring, lemuel_crystal_altar, tgw_trog
D:4:      layout_loops_corners, nicolae_overflow_quartered_altars,
          mainiacjoe_overflow_concentric_impassable,
          minmay_temple_entry_slanted, uniq_menkaure
Temple:   corrupted_temple

Skill      XL: |  1  2  3  4  5 |
---------------+----------------+-----
Short Blades   | 3 4 |  4.2
Dodging        | 3 |  3.5
Armour         | 1 2 |  2.0
Fighting       | 3 |  3.2
Throwing       | |  1.7

Action                     |  1- 3 |  4- 6 || total
---------------------------+-------+-------++-------
  Melee: Rapier            |   143 |    44 ||   187
    Use: Scroll            |     8 |       ||     8
 Armour: Leather armour    |    18 |       ||    18
         Chain mail        |    85 |    40 ||   125
  Dodge: Dodged            |    77 |    18 ||    95

Table legend: (Time is in decaauts)
 A = Elapsed time spent in this place.
 B = Non-inter-level travel time spent in this place.
 C = Inter-level travel time spent in this place.
 D = Time resting spent in this place.
 E = Time spent auto-exploring this place.
 F = Levels seen in this place.
 G = Mean time per level.
                   A        B        C        D        E       F      G
               +--------+--------+--------+--------+--------+-----+--------+
         Total |   5458 |   5227 |    231 |   2315 |   2329 |   5 | 1091.6 |
       Dungeon |   5408 |   5177 |    231 |   2315 |   2329 |   4 | 1352.0 |
        Temple |     50 |     50 |      0 |      0 |      0 |   1 |   50.0 |
               +--------+--------+--------+--------+--------+-----+--------+

Top non-repeatable levels by time:
     D:2: 2642 daAuts
     D:1: 1461 daAuts
     D:3: 933 daAuts
     D:4: 371 daAuts
  Temple: 50 daAuts
